 Dungeon Crawl Stone Soup version 0.22-a0-441-gcf5b0c6 (webtiles) character file.

41 ketsa the Skirmisher (level 3, 0/40 HPs)
             Began as an Ogre Monk on May 30, 2018.
             Succumbed to an adder's poison
             ... on level 2 of the Dungeon.
             The game lasted 00:04:36 (1622 turns).

ketsa the Skirmisher (Ogre Monk)                    Turns: 1622, Time: 00:04:37

Health: 0/40       AC:  3    Str: 20    XL:     3   Next: 52%
Magic:  3/3        EV: 10    Int: 11    God:
Gold:   32         SH:  0    Dex: 12    Spells: 2/2 levels left

rFire    + . .     SeeInvis .   a - +0 mace
rCold    x . .     Gourm    .   (no shield)
rNeg     . . .     Faith    .   b - +0 robe
rPois    .         Spirit   .   (helmet restricted)
rElec    .         Reflect  .   (no cloak)
rCorr    .         Harm     .   (gloves unavailable)
MR       .....                  (boots unavailable)
Stlth    ++........             (no amulet)
HPRegen  0.13/turn              k - ring of fire
MPRegen  0.08/turn              (no ring)

@: mighty, lethally poisoned (0 -> -6)
A: large, unfitting armour, tough skin 1
a: no special abilities


You were on level 2 of the Dungeon.
You were not hungry.

You visited 1 branch of the dungeon, and saw 2 of its levels.

You collected 32 gold pieces.

Inventory:

Hand Weapons
 a - a +0 mace (weapon)
 l - a +0 hand axe
Missiles
 e - 23 arrows
 g - 40 stones (quivered)
 h - 14 poisoned needles
Armour
 b - a +0 robe (worn)
 m - a +0 buckler
Jewellery
 k - a ring of fire (left hand)
Scrolls
 j - a scroll of remove curse
Comestibles
 o - a chunk of flesh


   Skills:
 + Level 4.6 Fighting
 * Level 3.6 Maces & Flails
 - Level 2.7 Dodging
 - Level 1.4 Stealth


You had 2 spell levels left.
You didn't know any spells.
Your spell library was empty.

Dungeon Overview and Level Annotations

Branches:
Dungeon (2/15)

Altars:


Innate Abilities, Weirdness & Mutations

You are too large for most types of armour.
You have tough skin. (AC +1)


Message History

As you read the scroll labeled MEACHA VEAKLIQ, it crumbles to dust.
You assume a fearsome visage.
Nothing appears to happen.
It was a scroll of fear.
* * * LOW HITPOINT WARNING * * *
You feel sick.
As you read the scroll labeled ECUHEY PAEQIM, it crumbles to dust.
It is a scroll of identify.
j - a scroll of remove curse
* * * LOW HITPOINT WARNING * * *
You feel sick.
As you read the scroll labeled DEORAM BIKK, it crumbles to dust.
It is a scroll of amnesia.
You feel forgetful for a moment.
* * * LOW HITPOINT WARNING * * *
You feel sick.
Okay, then.
* * * LOW HITPOINT WARNING * * *
You feel sick.
You aren't carrying any potions.
You die...

############
#......@...#
#.########.# #.# #.#
#.# #.#
#######.########.#
#..<.............#
...........#######..#
############ #..#
#..#


There were no monsters in sight!

Vanquished Creatures
  An adder (D:2)
  A dart slug (D:1)
  A leopard gecko (D:1)
  3 bats
  2 giant cockroaches
  6 goblins (D:1)
  6 hobgoblins (D:1)
  A kobold (D:1)
  A ball python (D:1)
  A frilled lizard (D:1)
  3 rats
26 creatures vanquished.

Vanquished Creatures (others)
  A goblin (D:2)
1 creature vanquished.

Grand Total: 27 creatures vanquished

Notes
Turn   | Place    | Note
-------+----------+-------------------------------------------
     0 | D:1      | ketsa the Ogre Monk began the quest for the Orb.
     0 | D:1      | Reached XP level 1. HP: 24/24 MP: 1/1
   168 | D:1      | Reached XP level 2. HP: 31/32 MP: 2/2
   817 | D:1      | Reached XP level 3. HP: 34/40 MP: 3/3
  1619 | D:2      | HP: 2/40 [poisoned by an adder]
  1622 | D:2      | Succumbed to an adder's poison

Vault maps used:
D:1:      dpeg_arrival_boxorama
D:2:      chequers_temple_overflow_statue_of_worship, minmay_misc_feat_roman,
          elyvilon_altar_4

Skill      XL: |  1 |
---------------+----+-----
Maces & Flails | 3 |  3.6
Fighting       | |  4.6
Dodging        | |  2.7
Stealth        | |  1.4

Action                   || total
-------------------------++-------
Melee: Mace              ||   100
  Use: Scroll            ||     3
       Potion            ||     1
 Stab: Sleeping          ||     2
  Eat: Chunk             ||     2
       Ration            ||     1
Armor: Robe              ||    35
Dodge: Dodged            ||    71

Table legend:
 A = Spawn XP
 B = Non-spawn XP
 C = Spawn XP percentage of total XP
 D = Spawn monster count
 E = Non-spawn monster count
 F = Spawn count percentage of total count
 G = Total turns spent on level
                    A         B        C        D         E        F      G
               +---------+---------+-------+---------+---------+-------+---------
         Total |       0 |      59 |   0.0 |       0 |      26 |   0.0 |  1622
               +---------+---------+-------+---------+---------+-------+---------
           D:1 |       0 |      42 |   0.0 |       0 |      22 |   0.0 |  1567
           D:2 |       0 |      17 |   0.0 |       0 |       4 |   0.0 |    55
               +---------+---------+-------+---------+---------+-------+---------
